[Event "Titled Tuesday Blitz May 10 Early 2022"]
[White "Samadov, Read"]
[Black "Golubev, Mikhail"]
[WhiteFideId "13417444"]
[BlackFideId "14100983"]
[WhiteElo "2084"]
[BlackElo "2374"]
[Result "1-0"]
[Round "09"]
[TimeControl "180+1"]
[Date "2022.05.10"]
[WhiteClock "0:01:47"]
[BlackClock "0:00:02"]

1. d4 Nf6 2. c4 g6 3. Nc3 Bg7 4. e4 d6 5. f4 O-O 6. Nf3 c5 7. d5 e6 8. Be2 exd5 9. cxd5 b5 10. e5 dxe5 11. fxe5 Ng4 12. Bg5 Qb6 13. O-O c4+ 14. Kh1 Nd7 15. e6 fxe6 16. dxe6 Qxe6 17. Nxb5 Rb8 18. Rc1 Ne3 19. Bxe3 Qxe3 20. Bxc4+ Kh8 21. Nd6 Nb6 22. Nf7+ Kg8 23. Re1 Nxc4 24. Rxe3 Nxe3 25. Qd2 Nxg2 26. Nd6 Rxf3 27. Qd5+ Kh8 28. Qxf3 Be6 29. Qxg2 1-0


[Site "https://www.chess.com"]

[Event "Titled Tuesday Blitz May 10 Early 2022"]
[White "Samunenkov, Ihor"]
[Black "Pinheiro, Iung Alicio de O."]
[WhiteFideId "14187086"]
[BlackFideId "2104350"]
[WhiteElo "2409"]
[BlackElo "2283"]
[Result "1-0"]
[Round "09"]
[TimeControl "180+1"]
[Date "2022.05.11"]
[WhiteClock "0:00:10"]
[BlackClock "0:00:19"]

1. e4 c5 2. Nf3 Nc6 3. d4 cxd4 4. Nxd4 Nf6 5. Nc3 e5 6. Ndb5 d6 7. Nd5 Nxd5 8. exd5 Nb8 9. a4 a6 10. Na3 Nd7 11. Be2 Be7 12. O-O O-O 13. Bd2 a5 14. Bb5 Nb6 15. c4 Bf5 16. Qe1 Bd3 17. Bxa5 Bxf1 18. Kxf1 Qc7 19. Rc1 Bd8 20. c5 dxc5 21. Nc4 Rxa5 22. d6 Qb8 23. Nxa5 Nd5 24. Qxe5 Nb4 25. Nb3 b6 26. Rd1 Bf6 27. Qe2 Rd8 28. d7 g6 29. g3 Kg7 30. Kg1 h5 31. h4 Qc7 32. Rd2 Qb8 33. Qe8 Qa8 34. Re2 Nd5 35. Bc4 Nc7 36. Qxf7+ Kh6 37. Qxf6 Rxd7 38. Qg5+ Kg7 39. Re7+ Rxe7 40. Qxe7+ Kh6 41. Qxc7 Qf3 42. Qf4+ Qxf4 43. gxf4 Kg7 44. a5 bxa5 45. Nxa5 Kf6 46. Nb7 Kf5 47. Nxc5 Kxf4 48. b4 Kg4 49. b5 Kxh4 50. b6 g5 51. b7 g4 52. b8=Q g3 53. Qxg3# 1-0


[Site "https://www.chess.com"]

[Event "Titled Tuesday Blitz May 10 Early 2022"]
[White "Sanchez, Robert"]
[Black "Wagner, Dinara"]
[WhiteFideId "2034360"]
[BlackFideId "24157570"]
[WhiteElo "2181"]
[BlackElo "2216"]
[Result "0-1"]
[Round "09"]
[TimeControl "180+1"]
[Date "2022.05.11"]
[WhiteClock "0:00:22"]
[BlackClock "0:00:35"]

1. e4 c5 2. Nf3 d6 3. d4 cxd4 4. Nxd4 Nf6 5. Nc3 a6 6. f3 e5 7. Nb3 Be7 8. Be3 Be6 9. Qd2 Nbd7 10. O-O-O O-O 11. g4 b5 12. g5 Nh5 13. Kb1 Nb6 14. Nd5 Nxd5 15. exd5 Bf5 16. Na5 f6 17. Nc6 Qd7 18. gxf6 Bxf6 19. Rg1 Bh4 20. Bd3 Bxd3 21. cxd3 Rxf3 22. Bg5 Bxg5 23. Qxg5 Nf6 24. Rc1 Rf8 25. a4 Rxd3 26. axb5 axb5 27. Rcf1 Kh8 28. h4 h6 29. Qg6 Rxd5 30. Nb4 Rd4 31. Nc2 Ra4 32. Ne3 Qf7 33. Qg3 Qa2+ 34. Kc1 Rc8+ 35. Kd1 Qb1+ 36. Ke2 Qxb2+ 37. Kf3 Rf4+ 38. Qxf4 exf4 39. Kxf4 0-1


[Site "https://www.chess.com"]

[Event "Titled Tuesday Blitz May 10 Early 2022"]
[White "Santos Ruiz, Miguel"]
[Black "Andreikin, Dmitry"]
[WhiteFideId "22291482"]
[BlackFideId "4158814"]
[WhiteElo "2486"]
[BlackElo "2736"]
[Result "1/2-1/2"]
[Round "09"]
[TimeControl "180+1"]
[Date "2022.05.10"]
[WhiteClock "0:00:10"]
[BlackClock "0:00:21"]

1. e4 e6 2. d4 d5 3. Nc3 dxe4 4. Nxe4 Bd7 5. Nf3 Bc6 6. Bd3 Nd7 7. c3 Ngf6 8. Nxf6+ Nxf6 9. O-O Bd6 10. Re1 Bxf3 11. Qxf3 c6 12. a4 a5 13. g3 O-O 14. h4 Re8 15. Kg2 Qc7 16. Bg5 Nd5 17. Re2 Be7 18. Rae1 Rab8 19. Qe4 g6 20. Bc1 b5 21. axb5 cxb5 22. Qf3 b4 23. c4 Nf6 24. Bf4 Qb7 25. Bxb8 Qxf3+ 26. Kxf3 Rxb8 27. d5 e5 28. Rxe5 Bd6 29. R5e2 a4 30. Ra1 a3 31. bxa3 bxa3 32. Rc2 Nd7 33. Rc3 Ra8 34. Ke2 Bc5 35. Kd2 Bb4 36. Kc2 Nc5 37. Bf1 Bxc3 38. Kxc3 Ra4 39. Ra2 Kf8 40. Bd3 Ke7 41. Bc2 Ra7 42. Kd4 Kd6 43. Kc3 f5 44. Kb4 Na6+ 45. Kc3 Nc5 46. Kb4 Rb7+ 47. Kxa3 Ke5 48. Rb2 Ra7+ 49. Kb4 Kd4 50. Rb1 Rb7+ 51. Ka5 Rxb1 52. Bxb1 Kxc4 53. Ba2+ Kd4 54. Kb6 Ne4 55. Kc6 Nxf2 56. d6 Ng4 57. d7 Ne5+ 58. Kd6 Nxd7 59. Kxd7 Ke4 60. Bg8 Kf3 61. Bxh7 Kxg3 62. Bxg6 Kxh4 63. Bxf5 1/2-1/2


[Site "https://www.chess.com"]

[Event "Titled Tuesday Blitz May 10 Early 2022"]
[White "Sarana, Alexey"]
[Black "Moussard, Jules"]
[WhiteFideId "24133795"]
[BlackFideId "642908"]
[WhiteElo "2666"]
[BlackElo "2589"]
[Result "1-0"]
[Round "09"]
[TimeControl "180+1"]
[Date "2022.05.10"]
[WhiteClock "0:00:07"]
[BlackClock "0:00:03"]

1. d4 d5 2. c4 e6 3. Nc3 Nf6 4. cxd5 exd5 5. Bg5 Be7 6. e3 O-O 7. Bd3 Re8 8. Qc2 h6 9. Bh4 c6 10. Nf3 Nbd7 11. O-O Ne4 12. Bxe4 Bxh4 13. Bh7+ Kh8 14. Bd3 Be7 15. Rae1 Nf6 16. Ne5 Kg8 17. f4 c5 18. h3 a6 19. g4 c4 20. Be2 Bb4 21. Bf3 Ne4 22. Bxe4 dxe4 23. Nxc4 Be6 24. Ne5 Rc8 25. Rc1 f6 26. Ng6 Bf7 27. Nh4 Bf8 28. Nf5 h5 29. Qg2 Qd7 30. a3 b5 31. Ne2 Rxc1 32. Rxc1 Bc4 33. Neg3 hxg4 34. hxg4 g6 35. Nxe4 Qe6 36. d5 Qb6 37. Nd4 Bg7 38. f5 Kf8 39. Rd1 Bxd5 40. Ne6+ Bxe6 41. fxe6 Qxe6 42. Nf2 Qxe3 43. Qb7 Bh6 44. Rd7 Qg3+ 45. Kf1 Qe5 46. Rh7 Re7 47. Qc8+ Re8 48. Qd7 Re7 49. Qd8+ Re8 50. Qd7 Re7 51. Rh8+ Kg7 52. Qd8 Qe2+ 53. Kg2 f5 54. Qf8# 1-0


[Site "https://www.chess.com"]

[Event "Titled Tuesday Blitz May 10 Early 2022"]
[White "Schut, Han"]
[Black "Boidiya, Sidi"]
[WhiteFideId "1005561"]
[BlackFideId "19600100"]
[WhiteElo "2057"]
[BlackElo "2113"]
[Result "1-0"]
[Round "09"]
[TimeControl "180+1"]
[Date "2022.05.11"]
[WhiteClock "0:00:56"]
[BlackClock "0:01:48"]

1. e4 c5 2. Nf3 e6 3. c4 Nf6 4. Nc3 Nc6 5. Be2 d5 6. exd5 exd5 7. d4 dxc4 8. d5 Nd4 9. Nxd4 cxd4 10. Qxd4 Bd6 11. Bg5 Qc7 12. Bxf6 gxf6 13. Qxc4 Qxc4 14. Bxc4 Bf5 15. O-O a6 16. Rfe1+ Kd7 17. Ne4 Be5 18. Nc5+ Kc7 19. Bd3 Bg6 20. Bxg6 hxg6 21. Rac1 Bxb2 22. Rc2 Bd4 23. Ne6+ Kd6 24. Nxd4 Kxd5 25. Nf3 Rac8 26. Rd1+ Ke4 27. Re2+ Kf4 28. Rd4+ Kf5 29. g3 g5 30. Rd6 Rhe8 31. Nd4+ Kg6 32. Rxe8 Rxe8 33. Rd7 Re1+ 34. Kg2 Rd1 35. a4 b5 36. axb5 axb5 37. Rd6 b4 38. Nb5 Rxd6 39. Nxd6 b3 40. Nc4 Kf5 41. Kf3 Ke6 42. Ke4 f5+ 43. Kd4 f6 44. f3 Kd7 45. Kc3 Kc6 46. Kxb3 Kc5 47. Kc3 Kd5 48. Kd3 Kc5 49. Ne3 1-0


[Site "https://www.chess.com"]

[Event "Titled Tuesday Blitz May 10 Early 2022"]
[White "Shashikant, Kutwal"]
[Black "Omariev, Maksim"]
[WhiteFideId "5006520"]
[BlackFideId "4193423"]
[WhiteElo "2321"]
[BlackElo "2502"]
[Result "1-0"]
[Round "09"]
[TimeControl "180+1"]
[Date "2022.05.11"]
[WhiteClock "0:00:36"]
[BlackClock "0:00:02"]

1. e4 c5 2. Nf3 d6 3. d4 cxd4 4. Nxd4 Nf6 5. Nc3 a6 6. h3 e6 7. g4 Nfd7 8. h4 Be7 9. g5 b5 10. a3 Bb7 11. Be3 Nc5 12. Qg4 Nbd7 13. h5 Ne5 14. Qg2 Rc8 15. f4 Nc4 16. Bxc4 bxc4 17. f5 Qb6 18. O-O-O Rb8 19. g6 e5 20. gxf7+ Kxf7 21. Ne6 Bf6 22. Bxc5 dxc5 23. Rd7+ Ke8 24. Na4 Qa5 25. Naxc5 Bc6 26. Nxg7+ Bxg7 27. Qxg7 Bxd7 28. Qxd7+ Kf8 29. Ne6+ Kg8 30. Qg7# 1-0


[Site "https://www.chess.com"]

[Event "Titled Tuesday Blitz May 10 Early 2022"]
[White "Shukhman, Anna"]
[Black "Polster, Christian"]
[WhiteFideId "54180058"]
[BlackFideId "12965081"]
[WhiteElo "1726"]
[BlackElo "2283"]
[Result "0-1"]
[Round "09"]
[TimeControl "180+1"]
[Date "2022.05.11"]
[WhiteClock "0:00:07"]
[BlackClock "0:00:03"]

1. e4 c5 2. Nf3 d6 3. d4 cxd4 4. Nxd4 Nf6 5. Nc3 a6 6. Qd3 e5 7. Nf5 Be6 8. Bg5 Bxf5 9. exf5 Nbd7 10. O-O-O Qa5 11. Bxf6 Nxf6 12. Qf3 Qc7 13. g4 Qc6 14. Bg2 Qxf3 15. Bxf3 O-O-O 16. g5 Nd7 17. Bd5 Be7 18. h4 h6 19. Ne4 Rdf8 20. Bb3 Kc7 21. Rdg1 Kc6 22. Rh3 hxg5 23. Rc3+ Nc5 24. hxg5 d5 25. f6 gxf6 26. gxf6 dxe4 27. fxe7 Re8 28. Ba4+ b5 29. b4 bxa4 30. Rxc5+ Kd6 31. Rd1+ Ke6 32. Rc6+ Kxe7 33. Rxa6 f5 34. c4 Rh2 35. Rd2 Rd8 36. Rxd8 Kxd8 37. c5 Rxf2 38. b5 e3 39. Kd1 Rd2+ 40. Ke1 Rc2 41. c6 f4 42. Ra8+ Kc7 43. Ra7+ Kb6 44. Rb7+ Ka5 45. c7 f3 46. Kd1 Rc5 47. b6 e2+ 48. Kd2 Rd5+ 49. Kc2 e1=Q 50. c8=Q Rd2+ 51. Kc3 Qc1# 0-1


[Site "https://www.chess.com"]

[Event "Titled Tuesday Blitz May 10 Early 2022"]
[White "Silva, Mariana Sofia T."]
[Black "Dmitrenko, Viktor"]
[WhiteFideId "1911899"]
[BlackFideId "14110270"]
[WhiteElo "1825"]
[BlackElo "2218"]
[Result "0-1"]
[Round "09"]
[TimeControl "180+1"]
[Date "2022.05.11"]
[WhiteClock "0:00:15"]
[BlackClock "0:01:00"]

1. d4 d5 2. c4 Nc6 3. Nf3 Bg4 4. e3 e5 5. dxe5 dxc4 6. Qxd8+ Rxd8 7. Bxc4 Nxe5 8. Be2 Nd3+ 9. Bxd3 Rxd3 10. Nbd2 Rd5 11. O-O Nf6 12. e4 Rd8 13. e5 Nd5 14. h3 Bf5 15. Nc4 Bd3 16. Na5 Bxf1 17. Kxf1 Rb8 18. Bg5 Bb4 19. Nb3 h6 20. Bh4 O-O 21. Rd1 c6 22. Nbd4 Rfe8 23. Nf5 Bf8 24. Bg3 g6 25. N5d4 Rbd8 26. a3 Bg7 27. b4 a6 28. Nb3 0-1


[Site "https://www.chess.com"]

[Event "Titled Tuesday Blitz May 10 Early 2022"]
[White "Skytte, Rasmus"]
[Black "Broca Jimenez, Fernando"]
[WhiteFideId "1404210"]
[BlackFideId "5104742"]
[WhiteElo "2430"]
[BlackElo "2062"]
[Result "0-1"]
[Round "09"]
[TimeControl "180+1"]
[Date "2022.05.11"]
[WhiteClock "0:00:32"]
[BlackClock "0:00:23"]

1. e4 c5 2. Nf3 g6 3. d4 cxd4 4. Nxd4 Nc6 5. c4 Nf6 6. Nc3 d6 7. f3 Nxd4 8. Qxd4 Bg7 9. Be3 O-O 10. Qd2 Be6 11. Be2 Qa5 12. O-O Rac8 13. Nd5 Qxd2 14. Nxe7+ Kh8 15. Bxd2 Rc7 16. Nd5 Nxd5 17. cxd5 Rc2 18. Rad1 Bd7 19. Bd3 Rxb2 20. a3 Ba4 21. Bb4 Bxd1 22. Rxd1 Bd4+ 23. Kh1 Bc5 24. Bxc5 dxc5 25. d6 Rd8 26. Bc4 Rxd6 27. Bd5 c4 28. Rc1 c3 29. h4 c2 30. Kg1 Rxd5 31. exd5 Rb1 32. Rxb1 cxb1=Q+ 33. Kf2 Qf5 34. Ke3 Qxd5 35. Kf4 Qb3 36. Kg3 Qxa3 37. Kf4 Qc5 38. Kg3 a5 39. Kf4 a4 40. Kg3 a3 41. Kf4 a2 42. Kg3 a1=Q 43. Kf4 Qae5+ 44. Kg4 Qcd4+ 45. Kh3 Qdf4 46. h5 Qg3# 0-1


[Site "https://www.chess.com"]

[Event "Titled Tuesday Blitz May 10 Early 2022"]
[White "Sokolovsky, Yahli"]
[Black "Hoffmann, Asa"]
[WhiteFideId "2820242"]
[BlackFideId "2001470"]
[WhiteElo "1770"]
[BlackElo "2117"]
[Result "1-0"]
[Round "09"]
[TimeControl "180+1"]
[Date "2022.05.11"]
[WhiteClock "0:00:08"]
[BlackClock "0:00:22"]

1. b3 d6 2. Bb2 Nd7 3. e3 Ngf6 4. d4 c6 5. Nf3 g6 6. c4 Bg7 7. Nc3 O-O 8. Bd3 e5 9. O-O Re8 10. Qc2 a5 11. Rfd1 Qc7 12. h3 Nf8 13. Rac1 Bd7 14. c5 exd4 15. cxd6 Qxd6 16. Nxd4 Qe5 17. Na4 Qh5 18. Be2 Qh6 19. Nb6 Rad8 20. Bf3 Qg5 21. Qc5 Qxc5 22. Rxc5 Bc8 23. Nxc8 Rxc8 24. Rxa5 Red8 25. Rc5 N8d7 26. Rcc1 Ne5 27. Be2 Nd5 28. Ba1 Nb4 29. a3 Nd5 30. Nf3 Nxf3+ 31. Bxf3 Bxa1 32. Rxa1 Nc3 33. Rxd8+ Rxd8 34. Rc1 Nb5 35. a4 Nc7 36. Rd1 Rxd1+ 37. Bxd1 Kf8 38. Kf1 Ke7 39. Ke2 Kd6 40. Kd3 Kc5 41. Bf3 Kb4 42. Kc2 f5 43. g4 Ne6 44. gxf5 gxf5 45. Be2 Nc5 46. Bc4 h6 47. f3 Nxa4 48. Be6 Nc5 49. Bxf5 Nxb3 50. Bc8 b5 51. f4 Nc5 52. f5 Ne4 53. Kd3 Nf6 54. e4 c5 55. e5 c4+ 56. Kc2 Nd5 57. f6 Ne3+ 58. Kc1 Kc5 59. f7 Kd4 60. f8=Q Kxe5 61. Qe7+ Kd4 62. Bg4 Nd5 63. Qe1 b4 64. Qd2+ Kc5 65. Bf3 Nc3 66. Qxh6 b3 67. Qe3+ Kb4 68. Qb6+ Ka3 69. Qa5+ Na4 70. Bc6 b2+ 71. Kc2 c3 72. Qxa4# 1-0


[Site "https://www.chess.com"]

[Event "Titled Tuesday Blitz May 10 Early 2022"]
[White "Stankovic, Ivan G"]
[Black "Arabidze, Meri"]
[WhiteFideId "902837"]
[BlackFideId "13604040"]
[WhiteElo "2195"]
[BlackElo "2335"]
[Result "1-0"]
[Round "09"]
[TimeControl "180+1"]
[Date "2022.05.11"]
[WhiteClock "0:00:14"]
[BlackClock "0:00:02"]

1. e4 c5 2. c4 e6 3. Nc3 Nc6 4. g3 Nge7 5. Bg2 Nd4 6. d3 g6 7. Nge2 Nec6 8. O-O Bg7 9. Rb1 O-O 10. a3 a5 11. Be3 d6 12. Nb5 Nxb5 13. cxb5 Nd4 14. Nxd4 cxd4 15. Bd2 a4 16. b3 axb3 17. Qxb3 e5 18. a4 Be6 19. Qa3 Re8 20. a5 d5 21. b6 dxe4 22. Bxe4 Bd5 23. Rfc1 Bxe4 24. dxe4 Bf8 25. Qb3 Re7 26. Bg5 Rxa5 27. Rc7 Qxc7 28. bxc7 Rxc7 29. Qb6 Rac5 30. Rb5 h6 31. Rxc5 Rxc5 32. Bxh6 d3 33. Bxf8 Rc1+ 34. Kg2 d2 35. Qf6 Rg1+ 36. Kh3 Kxf8 37. Qd8+ Kg7 38. Qxd2 Rb1 39. Qc2 Rb6 40. Qc3 Re6 41. f4 b6 42. f5 Re8 43. Qc6 Rh8+ 44. Kg4 gxf5+ 45. exf5 Rxh2 46. Qxb6 Rd2 47. Qc7 Re2 48. Kf3 Re1 49. Qc3 Rf1+ 50. Kg4 Kf6 51. Qc6+ Kg7 52. Qc3 Kf6 53. Qc6+ Kg7 54. Qb5 Rf2 55. Qxe5+ Kh7 56. f6 Kg6 57. Qg5+ Kh7 58. Qg7# 1-0


[Site "https://www.chess.com"]

[Event "Titled Tuesday Blitz May 10 Early 2022"]
[White "Starozhilov, Leonid"]
[Black "Nogerbek, Kazybek"]
[WhiteFideId "14106752"]
[BlackFideId "13710427"]
[WhiteElo "2414"]
[BlackElo "2441"]
[Result "0-1"]
[Round "09"]
[TimeControl "180+1"]
[Date "2022.05.10"]
[WhiteClock "0:01:04"]
[BlackClock "0:00:04"]

1. Nf3 Nf6 2. c4 g6 3. g3 Bg7 4. Bg2 O-O 5. O-O Nc6 6. Nc3 d5 7. cxd5 Nxd5 8. Qc2 a5 9. d3 Nb6 10. Be3 Be6 11. a3 h6 12. Rac1 Nd5 13. Nxd5 Bxd5 14. Qd2 Kh7 15. Rc5 e6 16. Rfc1 a4 17. Ne1 Bxg2 18. Kxg2 Ra6 19. Rb5 Ne7 20. Nf3 b6 21. Rb4 Nd5 22. Rbc4 Nxe3+ 23. fxe3 c5 24. Qc2 Qd7 25. b3 axb3 26. Qxb3 Rfa8 27. a4 Rxa4 28. Rxa4 Rxa4 29. Qxb6 Ra2 30. Kf2 Qxd3 31. Ng1 c4 32. Qc6 c3 33. Qf3 Qd2 0-1


[Site "https://www.chess.com"]

[Event "Titled Tuesday Blitz May 10 Early 2022"]
[White "Stevens, Christian"]
[Black "Samant Aditya S"]
[WhiteFideId "2604450"]
[BlackFideId "35080580"]
[WhiteElo "2490"]
[BlackElo "1916"]
[Result "0-1"]
[Round "09"]
[TimeControl "180+1"]
[Date "2022.05.11"]
[WhiteClock "0:00:16"]
[BlackClock "0:00:45"]

1. e4 c5 2. Nf3 d6 3. d4 cxd4 4. Nxd4 Nf6 5. f3 e5 6. Nb3 Be6 7. c4 Nbd7 8. Nc3 Be7 9. Nd5 O-O 10. Be3 b5 11. Rc1 a5 12. Be2 bxc4 13. Bxc4 a4 14. Nd2 Bxd5 15. Bxd5 Nxd5 16. exd5 Qa5 17. O-O Qxd5 18. Ne4 Qe6 19. Rc6 Rfc8 20. Rxc8+ Rxc8 21. Qxa4 d5 22. Nf2 d4 23. Bd2 Nc5 24. Qa7 Bf8 25. Rc1 Na6 26. Rxc8 Qxc8 27. h3 Bc5 0-1


[Site "https://www.chess.com"]

[Event "Titled Tuesday Blitz May 10 Early 2022"]
[White "Tanenbaum, Zachary"]
[Black "Shuvalov, Evgenij"]
[WhiteFideId "2060850"]
[BlackFideId "4187237"]
[WhiteElo "2168"]
[BlackElo "2053"]
[Result "0-1"]
[Round "09"]
[TimeControl "180+1"]
[Date "2022.05.11"]
[WhiteClock "0:00:07"]
[BlackClock "0:00:41"]

1. e4 e6 2. d4 d5 3. Nc3 Bb4 4. exd5 exd5 5. Bd3 Nc6 6. a3 Bxc3+ 7. bxc3 Nge7 8. Nf3 Bg4 9. Rb1 b6 10. O-O Qd7 11. h3 Bf5 12. Bb5 f6 13. Re1 Kf7 14. c4 a6 15. cxd5 axb5 16. dxc6 Qxc6 17. Rb2 Rhe8 18. d5 Nxd5 19. Rxe8 Rxe8 20. Nd4 Qd7 21. Rxb5 Nc3 22. Qf3 Nxb5 23. Nxf5 Re1+ 24. Kh2 Rxc1 25. Qg4 Kf8 26. Qb4+ Nd6 27. Ne3 Qe6 28. Qh4 Kg8 29. Ng4 Rxc2 30. Qh5 Rc5 31. Qh4 h5 32. Ne3 Qe5+ 33. g3 Nf5 34. Qxh5 Nxe3 35. Qg6 Nf5 36. Qh5 Nxg3 37. Qf3 Nf1+ 38. Kg2 Nd2 39. Qg4 Qe4+ 40. Kg3 Qxg4+ 41. hxg4 Rc3+ 42. f3 Rxf3+ 43. Kh4 Rxa3 44. Kh5 Kf7 45. g5 g6+ 46. Kg4 f5+ 47. Kh4 Nf3+ 48. Kg3 Nxg5+ 49. Kh4 Rh3+ 50. Kxg5 Rh5+ 51. Kf4 b5 52. Ke5 b4 53. Kd4 f4 54. Kc4 c5 55. Kd3 Rf5 56. Ke2 Kf6 57. Kf3 b3 58. Ke2 b2 59. Kd2 b1=Q 60. Kc3 Qc1+ 61. Kd3 Rd5+ 62. Ke4 Rd4+ 63. Kf3 Qe3+ 64. Kg2 Qg3+ 65. Kf1 Rd1+ 66. Ke2 Qd3+ 67. Kf2 Rf1+ 68. Kg2 Qf3+ 69. Kh2 Rh1# 0-1


[Site "https://www.chess.com"]

[Event "Titled Tuesday Blitz May 10 Early 2022"]
[White "Terry, Renato"]
[Black "Steinberg, Nitzan"]
[WhiteFideId "3803457"]
[BlackFideId "2801795"]
[WhiteElo "2577"]
[BlackElo "2471"]
[Result "1/2-1/2"]
[Round "09"]
[TimeControl "180+1"]
[Date "2022.05.10"]
[WhiteClock "0:00:03"]
[BlackClock "0:00:06"]

1. d4 d5 2. Bg5 f6 3. Bf4 c5 4. e3 Nc6 5. Nf3 Bg4 6. Be2 e6 7. c3 Bd6 8. dxc5 Bxc5 9. O-O Nge7 10. Nbd2 e5 11. Bg3 Be6 12. e4 O-O 13. Re1 Qd7 14. b4 Bb6 15. Qb1 Rfd8 16. a3 a6 17. Rc1 Rac8 18. exd5 Bxd5 19. c4 Bxf3 20. Nxf3 Nd4 21. Nxd4 Bxd4 22. Ra2 b6 23. Qb3 Kh8 24. Rac2 Qe6 25. Qa4 Ra8 26. Qb3 Rdc8 27. Qd3 f5 28. h3 Rd8 29. Qb3 Ng6 30. Bh2 e4 31. Kf1 Be5 32. Bxe5 Qxe5 33. Kg1 Nf4 34. Bf1 Nd3 35. Rb1 Rac8 36. Qc3 Qf4 37. Rd1 Ne5 38. Rcd2 Re8 39. Rd5 Nc6 40. Rd6 e3 41. fxe3 Rxe3 42. Qd2 Qe5 43. Rd5 Qe7 44. Rxf5 Re8 45. Qf2 h6 46. Qf4 Re6 47. Rfd5 Ne5 48. Qd4 Ng6 49. Rd7 Qf8 50. Rd3 Nf4 51. Rf3 Rf6 52. Qd2 Nxh3+ 53. Rxh3 Rxf1+ 54. Kh2 Rf7 55. Rg3 Rxd7 56. Qxd7 Re4 57. Qd5 Rh4+ 58. Kg1 Qf6 59. Rf3 Qa1+ 60. Rf1 Qd4+ 61. Qxd4 Rxd4 62. Rf8+ Kh7 63. Rb8 Rxc4 64. Rxb6 a5 65. bxa5 Ra4 66. a6 Rxa3 67. Kf2 h5 68. g3 g6 69. Kg2 Kh6 70. Kh3 Ra4 71. Kg2 Kg5 72. Rc6 Kh6 73. Kh3 Kg5 74. Kg2 Kh6 75. Kf2 Kg5 76. Ke2 Ra3 77. Kf2 Kh6 78. Rd6 Kg5 79. Kg2 Kh6 80. Rb6 Kg5 81. Rd6 Kh6 82. Kh3 Kg5 83. Rc6 Kh6 84. Kh4 Ra4+ 85. Kh3 Kg5 86. Kg2 1/2-1/2


[Site "https://www.chess.com"]

[Event "Titled Tuesday Blitz May 10 Early 2022"]
[White "Thomas, Anysia"]
[Black "De Arruda, Leandro Formes"]
[WhiteFideId "670472"]
[BlackFideId "22722009"]
[WhiteElo "2002"]
[BlackElo "1852"]
[Result "1-0"]
[Round "09"]
[TimeControl "180+1"]
[Date "2022.05.11"]
[WhiteClock "0:00:33"]
[BlackClock "0:00:31"]

1. d4 d5 2. c4 e6 3. Nf3 Nf6 4. g3 c6 5. Bg2 Bd6 6. O-O Nbd7 7. Nbd2 O-O 8. Qc2 Re8 9. e4 dxe4 10. Nxe4 Nxe4 11. Qxe4 Nf6 12. Qe2 Nd7 13. b3 e5 14. dxe5 Nxe5 15. Qc2 Nxf3+ 16. Bxf3 Bh3 17. Rd1 Qe7 18. Be3 Be5 19. Rac1 Qf6 20. Bh1 Bg4 21. Re1 Rad8 22. Be4 h6 23. Bxa7 Bb2 24. Rb1 Bc3 25. Re3 Rd2 26. Bh7+ Kf8 27. Bc5+ Re7 28. Bxe7+ Qxe7 29. Qxc3 Qd7 30. Rbe1 Be6 31. Be4 f5 32. Bg2 Bf7 33. Qe5 Qc8 34. Qe7+ Kg8 35. Qb4 Rxa2 36. Re7 f4 37. Qxb7 Qf5 38. Qb8+ Kh7 39. Be4 1-0


[Site "https://www.chess.com"]

[Event "Titled Tuesday Blitz May 10 Early 2022"]
[White "Tristan, Leonardo"]
[Black "Dronavalli, Harika"]
[WhiteFideId "113816"]
[BlackFideId "5015197"]
[WhiteElo "2404"]
[BlackElo "2382"]
[Result "1-0"]
[Round "09"]
[TimeControl "180+1"]
[Date "2022.05.10"]
[WhiteClock "0:00:09"]
[BlackClock "0:00:06"]

1. d4 Nf6 2. Nf3 c5 3. c3 g6 4. Bf4 Bg7 5. e3 O-O 6. Nbd2 d6 7. Be2 Nh5 8. Bg5 h6 9. Bh4 Be6 10. O-O g5 11. Ne1 gxh4 12. Bxh5 h3 13. g3 Qb6 14. Nd3 cxd4 15. exd4 Bf5 16. Qf3 e6 17. Bg4 Bxd3 18. Qxd3 Qxb2 19. Rfb1 Qa3 20. Rxb7 Qa6 21. Qxa6 Nxa6 22. Bxh3 Rfc8 23. Bf1 Nc7 24. Ne4 Bf8 25. c4 Ne8 26. Rab1 d5 27. cxd5 exd5 28. Nd2 Nd6 29. Rd7 Rd8 30. Rxd8 Rxd8 31. Nf3 Bg7 32. Ne5 Nf5 33. Nc6 Rc8 34. Nxa7 Rc3 35. Nb5 Rc8 36. Rd1 Ra8 37. g4 Ne7 38. a3 Nc6 39. Bg2 Ra4 40. Bxd5 Nxd4 41. Nxd4 Rxd4 42. Rxd4 Bxd4 43. Kg2 Kg7 44. f4 f5 45. gxf5 Kf6 46. Be6 Bc3 47. Kf3 Ke7 48. Kg4 Kf6 49. a4 Bd2 50. Kf3 Ke7 51. Ke4 Kd6 52. Bc4 Bc3 53. Kd3 Bf6 54. a5 Kc5 55. a6 Kb6 56. Ke4 Kc7 57. Kd5 Bb2 58. Ke6 Kd8 59. a7 1-0


[Site "https://www.chess.com"]

[Event "Titled Tuesday Blitz May 10 Early 2022"]
[White "Tuleyeva-Aketayeva, Dana"]
[Black "Nilsen, Tobias Lang"]
[WhiteFideId "13701932"]
[BlackFideId "1521624"]
[WhiteElo "1875"]
[BlackElo "2014"]
[Result "0-1"]
[Round "09"]
[TimeControl "180+1"]
[Date "2022.05.11"]
[WhiteClock "0:00:03"]
[BlackClock "0:01:11"]

1. d4 b6 2. Nf3 Bb7 3. g3 e6 4. Bg2 Nf6 5. O-O c5 6. c3 cxd4 7. cxd4 d6 8. Nc3 Be7 9. Re1 Ne4 10. Nxe4 Bxe4 11. Nd2 Bxg2 12. Kxg2 Nd7 13. e4 O-O 14. Nb3 Qc8 15. Be3 Qb7 16. f3 Rac8 17. Rc1 b5 18. Qd2 Qa6 19. Qa5 Qxa5 20. Nxa5 a6 21. Nc6 Bf6 22. f4 Nb6 23. e5 Nc4 24. exf6 Rxc6 25. fxg7 Nxe3+ 26. Rxe3 Rxc1 27. gxf8=Q+ Kxf8 28. Kf3 Ke7 29. Re2 Kd7 30. Ke3 Kc6 31. Kd2 Rc4 32. Kd3 Kd5 33. Re4 f5 34. Re2 Rxd4+ 35. Kc3 e5 36. b3 b4+ 37. Kb2 e4 38. a3 a5 39. axb4 axb4 40. Kc2 Rd3 41. Rd2 Rxd2+ 42. Kxd2 Kd4 43. h3 h5 44. Ke2 d5 45. g4 fxg4 46. hxg4 hxg4 47. f5 Ke5 48. f6 Kxf6 0-1


[Site "https://www.chess.com"]

[Event "Titled Tuesday Blitz May 10 Early 2022"]
[White "Turutin, Alexander"]
[Black "Matinian, Nikita"]
[WhiteFideId "4180623"]
[BlackFideId "24129100"]
[WhiteElo "2402"]
[BlackElo "2422"]
[Result "0-1"]
[Round "09"]
[TimeControl "180+1"]
[Date "2022.05.11"]
[WhiteClock "0:00:15"]
[BlackClock "0:00:19"]

1. e4 c5 2. Nf3 d6 3. Bb5+ Bd7 4. Bxd7+ Nxd7 5. O-O Ngf6 6. Re1 Qc7 7. b3 g5 8. Nxg5 Rg8 9. Nh3 Ne5 10. Nc3 Qd7 11. Nf4 Bh6 12. d3 O-O-O 13. Ncd5 Nxd5 14. Nxd5 Bxc1 15. Rxc1 Rg7 16. Re3 f5 17. Rg3 Rdg8 18. exf5 Rxg3 19. hxg3 Rg7 20. Qh5 b6 21. Qh6 Rf7 22. Qe6 Qxe6 23. fxe6 Rg7 24. Re1 Nc6 25. c3 Ne5 26. d4 Nc6 27. dxc5 bxc5 28. f4 Rxg3 29. Kf2 Rg7 30. Kf3 Kd8 31. g4 Ke8 32. g5 Kf8 33. a3 a5 34. Kg4 Rg8 35. f5 Ne5+ 36. Rxe5 dxe5 37. Kh5 e4 38. f6 exf6 39. gxf6 Rg6 40. e7+ Kf7 41. Nc7 Rg8 42. e8=Q+ Rxe8 43. Nxe8 e3 44. Nd6+ Kf8 0-1


[Site "https://www.chess.com"]

[Event "Titled Tuesday Blitz May 10 Early 2022"]
[White "Visakh N R"]
[Black "Dardha, Daniel"]
[WhiteFideId "25012223"]
[BlackFideId "240990"]
[WhiteElo "2448"]
[BlackElo "2482"]
[Result "1-0"]
[Round "09"]
[TimeControl "180+1"]
[Date "2022.05.10"]
[WhiteClock "0:00:43"]
[BlackClock "0:00:06"]

1. e4 e5 2. Nf3 Nc6 3. Bb5 a6 4. Ba4 d6 5. O-O Bd7 6. c3 Nf6 7. d4 Be7 8. Re1 O-O 9. d5 Nb8 10. Bxd7 Nbxd7 11. c4 g6 12. Nc3 Ne8 13. Bh6 Ng7 14. Nd2 f5 15. exf5 gxf5 16. f4 Rf6 17. Bxg7 Kxg7 18. fxe5 dxe5 19. Kh1 Rh6 20. Qf3 Qf8 21. Rf1 Rf6 22. Nce4 fxe4 23. Qg4+ Kh8 24. Qxd7 e3 25. Rxf6 Bxf6 26. Ne4 Bg7 27. Qg4 Qf4 28. Qf3 Rf8 29. Re1 Bh6 30. Qxf4 Rxf4 31. Ng3 Rf2 32. Kg1 Rxb2 33. Nf5 Bg5 34. h4 Bf6 35. Rxe3 Rxa2 36. Rb3 b6 37. d6 cxd6 38. Rxb6 Kg8 39. c5 dxc5 40. Rxf6 a5 41. h5 h6 42. Rc6 Rc2 43. Ra6 c4 44. Nxh6+ Kh7 45. Ng4 c3 46. Rxa5 Rc1+ 47. Kh2 c2 48. Rc5 e4 49. Rc7+ Kh8 50. Nf6 Rh1+ 51. Kxh1 c1=Q+ 52. Rxc1 Kg7 53. Nxe4 Kh7 54. g4 Kh8 55. Kg2 Kg8 56. Kg3 Kh8 57. Kf4 Kg8 58. Kf5 Kh8 59. Kg6 1-0


[Site "https://www.chess.com"]